[Event "Titled Tuesday Blitz July 11 Late 2023"]
[White "Tristan, Leonardo"]
[Black "Fiorito, Francisco"]
[WhiteFideId "113816"]
[BlackFideId "180165"]
[WhiteElo "2789"]
[BlackElo "2587"]
[Result "1/2-1/2"]
[Round "7"]
[TimeControl "180+2"]
[Date "2023.07.11"]
[WhiteClock "0:00:10"]
[BlackClock "0:00:04"]
[Board "23"]

1. d4 Nf6 2. Nf3 b6 3. Bf4 Bb7 4. e3 g6 5. Be2 Bg7 6. O-O O-O 7. a4 a6 8. Nbd2 d6 9. h3 Nbd7 10. Bh2 Qe8 11. a5 b5 12. c4 bxc4 13. Nxc4 Ne4 14. Qc2 Ndf6 15. Rfc1 Qd7 16. Ne1 Ng5 17. f3 Ne6 18. Nd3 Rfc8 19. b4 Bc6 20. Rab1 Bb5 21. Na3 Ba4 22. Qd2 c6 23. Nb2 Bb5 24. Nxb5 cxb5 25. Kf1 h5 26. e4 h4 27. Bg1 Nh5 28. Be3 Ng3+ 29. Kf2 d5 30. e5 Nf5 31. f4 Bh6 32. Nd3 Rc4 33. Bg4 Nxe3 34. Qxe3 Qa7 35. Bxe6 fxe6 36. Nc5 Bxf4 37. Qd3 Kh7 38. Rxc4 bxc4 39. Qf3 Rf8 40. Ke2 Rf5 41. Qg4 Bg3 42. Rf1 Qb8 43. Rxf5 exf5 44. Qg5 Qxb4 45. Qxe7+ Kh6 46. Qf8+ Kh7 47. Qf7+ Kh6 48. Qf8+ Kh7 49. Qe7+ Kh6 50. Qf8+ 1/2-1/2


[Site "https://www.chess.com"]

[Event "Titled Tuesday Blitz July 11 Late 2023"]
[White "Swayams, Mishra"]
[Black "Hong, Andrew"]
[WhiteFideId "5028183"]
[BlackFideId "2099438"]
[WhiteElo "2613"]
[BlackElo "3064"]
[Result "0-1"]
[Round "7"]
[TimeControl "180+2"]
[Date "2023.07.11"]
[WhiteClock "0:00:18"]
[BlackClock "0:01:55"]
[Board "24"]

1. d4 Nf6 2. c4 g6 3. Nc3 Bg7 4. e4 d6 5. Be2 O-O 6. Be3 c6 7. h4 Qa5 8. Qd2 c5 9. d5 b5 10. cxb5 a6 11. a4 axb5 12. Bxb5 Ba6 13. f3 Nbd7 14. Nge2 Nb6 15. Bh6 Bxh6 16. Qxh6 Bxb5 17. Nf4 Qb4 18. h5 Qxb2 19. hxg6 fxg6 20. Nxg6 Qxc3+ 21. Kf2 Ng4+ 0-1


[Site "https://www.chess.com"]

[Event "Titled Tuesday Blitz July 11 Late 2023"]
[White "He, Anthony"]
[Black "Janturin, Artur"]
[WhiteFideId "2088215"]
[BlackFideId "4130022"]
[WhiteElo "2974"]
[BlackElo "2612"]
[Result "1-0"]
[Round "7"]
[TimeControl "180+2"]
[Date "2023.07.11"]
[WhiteClock "0:02:39"]
[BlackClock "0:00:08"]
[Board "25"]

1. d4 e6 2. Nc3 d5 3. Bf4 Bd6 4. e3 Nf6 5. Nf3 O-O 6. Bd3 c5 7. dxc5 Bxc5 8. O-O Nc6 9. e4 dxe4 10. Nxe4 Nxe4 11. Bxe4 Qf6 12. Qc1 Nd4 13. Nxd4 Bxd4 14. c3 Bc5 15. Re1 e5 16. Bg3 Re8 17. Qc2 g6 18. Rad1 Bg4 19. Rd5 Rad8 20. Rxc5 1-0


[Site "https://www.chess.com"]

[Event "Titled Tuesday Blitz July 11 Late 2023"]
[White "Sviridov, Valery"]
[Black "Ganiev, Roman"]
[WhiteFideId "4120680"]
[BlackFideId "4131452"]
[WhiteElo "2958"]
[BlackElo "2608"]
[Result "1-0"]
[Round "7"]
[TimeControl "180+2"]
[Date "2023.07.11"]
[WhiteClock "0:01:08"]
[BlackClock "0:00:03"]
[Board "26"]

1. d4 Nf6 2. Nc3 d5 3. Bf4 a6 4. e3 e6 5. Nf3 c5 6. a3 Nc6 7. Bd3 b5 8. O-O cxd4 9. exd4 Be7 10. Re1 O-O 11. Ne2 Bb7 12. c3 Rc8 13. Ng3 Bd6 14. Ne5 Ne7 15. h4 Ng6 16. Bg5 Be7 17. h5 Nxe5 18. dxe5 Nd7 19. Bxe7 Qxe7 20. Qg4 h6 21. Qf4 Nc5 22. Bc2 Rfd8 23. Ne2 Ne4 24. Nd4 Qg5 25. Qxg5 hxg5 26. f3 Ng3 27. a4 b4 28. h6 gxh6 29. Kf2 Nh5 30. Rh1 Nf4 31. Rxh6 bxc3 32. Rah1 Kf8 33. b3 Ke7 34. g3 Ng6 35. Bxg6 fxg6 36. Rh7+ Ke8 37. Rh8+ Kd7 38. R1h7# 1-0


[Site "https://www.chess.com"]

[Event "Titled Tuesday Blitz July 11 Late 2023"]
[White "Makarian, Rudik"]
[Black "Leon Oquendo, Jorge"]
[WhiteFideId "44105681"]
[BlackFideId "3514803"]
[WhiteElo "2944"]
[BlackElo "2598"]
[Result "1-0"]
[Round "7"]
[TimeControl "180+2"]
[Date "2023.07.11"]
[WhiteClock "0:00:50"]
[BlackClock "0:00:25"]
[Board "27"]

1. d4 g6 2. c4 Bg7 3. Nc3 d6 4. Nf3 Nd7 5. e4 e6 6. Be2 Ne7 7. O-O b6 8. Bf4 Bb7 9. Qd2 h6 10. Rfe1 g5 11. Bg3 Ng6 12. h3 Nf6 13. d5 e5 14. Nh2 Nf4 15. Ng4 Nxg4 16. Bxg4 h5 17. Bf5 Bh6 18. Qc2 g4 19. h4 Bg7 20. b4 Bf6 21. c5 Bxh4 22. Bxf4 exf4 23. e5 dxe5 24. Rxe5+ Kf8 25. Rae1 Bf6 26. Qe4 Bxe5 27. Qxe5 Rh6 28. Qxf4 Kg7 29. Re5 bxc5 30. bxc5 Ba6 31. Be4 Qf6 32. Rg5+ Kh8 33. Rf5 Qg7 34. Rxf7 Qxc3 35. Qxh6+ Kg8 36. Qh7# 1-0


[Site "https://www.chess.com"]

[Event "Titled Tuesday Blitz July 11 Late 2023"]
[White "NLLO777"]
[Black "Svane, Frederik"]
[BlackFideId "12923044"]
[WhiteElo "2597"]
[BlackElo "2801"]
[Result "0-1"]
[Round "7"]
[TimeControl "180+2"]
[Date "2023.07.11"]
[WhiteClock "0:00:07"]
[BlackClock "0:01:44"]
[Board "28"]

1. Nf3 d5 2. g3 Bg4 3. Bg2 e6 4. O-O c6 5. b3 Nd7 6. Bb2 Ngf6 7. c4 Bd6 8. d3 O-O 9. Nc3 Qe7 10. Qc2 a6 11. Rac1 e5 12. e4 dxe4 13. Nxe4 Nxe4 14. dxe4 Bc5 15. h3 Bh5 16. Rcd1 Rfd8 17. Rd2 f6 18. Rfd1 Nf8 19. Qc1 Ne6 20. a3 a5 21. Rxd8+ Rxd8 22. Rxd8+ Qxd8 23. Qc3 Bxf3 24. Bxf3 Bd4 25. Qd2 Bxb2 26. Qxb2 Qd3 27. Bg4 Nd4 28. b4 a4 29. c5 Qxe4 30. Qc3 Qxg4 0-1


[Site "https://www.chess.com"]

[Event "Titled Tuesday Blitz July 11 Late 2023"]
[White "Warmerdam, Max"]
[Black "Zavgorodniy, Sergiy"]
[WhiteFideId "1048104"]
[BlackFideId "14110148"]
[WhiteElo "2800"]
[BlackElo "2596"]
[Result "1-0"]
[Round "7"]
[TimeControl "180+2"]
[Date "2023.07.11"]
[WhiteClock "0:02:19"]
[BlackClock "0:00:48"]
[Board "29"]

1. Nf3 d5 2. g3 Nf6 3. Bg2 e6 4. O-O Be7 5. d4 O-O 6. Ne5 b6 7. c4 Bb7 8. Nc3 Nbd7 9. Bf4 c5 10. cxd5 Nxd5 11. Nxd5 exd5 12. Nxd7 Qxd7 13. dxc5 bxc5 14. Rc1 d4 15. Bxb7 Qxb7 16. b3 a5 17. Rc4 Rfc8 18. Qd3 h5 19. h4 Ra6 20. Ra4 Bd8 21. Rc1 Rg6 22. Qf5 Bxh4 23. Rxd4 Re8 24. Rd7 Rf6 25. Qxf6 Qxd7 26. Qxh4 Rxe2 27. Qxh5 Rxa2 28. Qxc5 1-0


[Site "https://www.chess.com"]

[Event "Titled Tuesday Blitz July 11 Late 2023"]
[White "Zemlyanskii, Ivan"]
[Black "Manukyan, Artyom"]
[WhiteFideId "24249971"]
[BlackFideId "13305786"]
[WhiteElo "2799"]
[BlackElo "2580"]
[Result "1-0"]
[Round "7"]
[TimeControl "180+2"]
[Date "2023.07.11"]
[WhiteClock "0:00:32"]
[BlackClock "0:01:01"]
[Board "30"]

1. d4 d5 2. Bf4 Nf6 3. e3 c5 4. Nf3 Nc6 5. c3 Qb6 6. Qc2 g6 7. Nbd2 Bf5 8. dxc5 Qxc5 9. Qb3 Bg7 10. Qxb7 O-O 11. Nb3 Qb6 12. Qxb6 axb6 13. Nbd4 Bd7 14. Nxc6 Bxc6 15. Nd4 Bd7 16. Be5 Ra4 17. a3 Ne4 18. Bxg7 Kxg7 19. Bd3 e5 20. Nc2 Nc5 21. Be2 Bf5 22. Nb4 d4 23. exd4 exd4 24. cxd4 Nb3 25. Rd1 Re8 26. f3 Ra7 27. Kf2 Rae7 28. Bb5 Rc8 29. d5 Bc2 30. Rde1 Rxe1 31. Rxe1 Nd4 32. Bc6 Bb3 33. Re3 Kf6 34. Rd3 Ke5 35. Bb7 Rd8 36. Rxd4 1-0


[Site "https://www.chess.com"]

[Event "Titled Tuesday Blitz July 11 Late 2023"]
[White "Schmakel, Sam"]
[Black "Pinheiro, Iung Alicio de O."]
[WhiteFideId "2039311"]
[BlackFideId "2104350"]
[WhiteElo "2790"]
[BlackElo "2577"]
[Result "0-1"]
[Round "7"]
[TimeControl "180+2"]
[Date "2023.07.11"]
[WhiteClock "0:00:01"]
[BlackClock "0:00:12"]
[Board "31"]

1. d4 Nf6 2. Bg5 c5 3. d5 g6 4. Nc3 Bg7 5. e4 d6 6. Qd2 Qb6 7. Nf3 a6 8. e5 dxe5 9. Nxe5 O-O 10. O-O-O Nbd7 11. Nc4 Qd8 12. d6 e6 13. h4 b5 14. Ne3 Qa5 15. Qe1 b4 16. Nc4 Qd8 17. Ne4 Bb7 18. Bd3 Bd5 19. h5 Bxc4 20. Bxc4 Nb6 21. hxg6 Nxc4 22. gxh7+ Kh8 23. Qe2 Ne5 24. f4 Ned7 25. g4 Qa5 26. Bxf6 Nxf6 27. Nxf6 Bxf6 28. g5 Bg7 29. Kb1 b3 30. axb3 Qb4 31. f5 exf5 32. d7 a5 33. Rhf1 a4 34. Qc4 Qb7 35. bxa4 Qxb2# 0-1


[Site "https://www.chess.com"]

[Event "Titled Tuesday Blitz July 11 Late 2023"]
[White "Boldoo, Erdenepurev"]
[Black "Bartel, Mateusz"]
[WhiteFideId "4901037"]
[BlackFideId "1112635"]
[WhiteElo "2570"]
[BlackElo "2787"]
[Result "0-1"]
[Round "7"]
[TimeControl "180+2"]
[Date "2023.07.11"]
[WhiteClock "0:00:05"]
[BlackClock "0:00:10"]
[Board "32"]

1. d4 Nf6 2. c4 g6 3. g3 Bg7 4. Bg2 O-O 5. Nc3 d6 6. Nf3 Nc6 7. O-O Bg4 8. d5 Bxf3 9. exf3 Na5 10. Qe2 Nd7 11. Bd2 c6 12. b4 cxd5 13. bxa5 d4 14. Nd5 e6 15. Nf4 Rc8 16. Rab1 Qc7 17. Rfc1 Ne5 18. Bf1 Qc6 19. Kg2 Rc7 20. Nd3 Nd7 21. Qd1 Nc5 22. Nxc5 dxc5 23. Bd3 f5 24. Qe2 e5 25. Kg1 Re8 26. Re1 Rce7 27. Bg5 Re6 28. Qb2 h6 29. Bd2 e4 30. fxe4 fxe4 31. Bf1 R6e7 32. Bg2 Rf8 33. Bf4 g5 34. Rxe4 Rxe4 35. Bxe4 Qxe4 36. Bd6 d3 37. Qxb7 Qxb7 38. Rxb7 d2 39. Rb1 Rd8 40. Rd1 Rxd6 41. Kf1 Bc3 42. Ke2 Bxa5 43. f4 Re6+ 44. Kd3 Re1 45. Kc2 Rxd1 46. Kxd1 gxf4 47. gxf4 Kf7 0-1


[Site "https://www.chess.com"]

[Event "Titled Tuesday Blitz July 11 Late 2023"]
[White "Przybylski, Wojciech"]
[Black "Tanenbaum, Zachary"]
[WhiteFideId "1117599"]
[BlackFideId "2060850"]
[WhiteElo "2570"]
[BlackElo "2756"]
[Result "1-0"]
[Round "7"]
[TimeControl "180+2"]
[Date "2023.07.11"]
[WhiteClock "0:02:02"]
[BlackClock "0:00:52"]
[Board "33"]

1. e4 e5 2. Nf3 Nc6 3. d4 exd4 4. Nxd4 Bc5 5. Be3 Qf6 6. c3 Nge7 7. Bc4 Ne5 8. Bb3 Qg6 9. O-O d6 10. f4 Bh3 11. Qe2 Bg4 12. Qd2 N5c6 13. f5 Qf6 14. h3 Bh5 15. g4 Qh4 16. Qg2 Bxg4 17. hxg4 Ne5 18. Bd1 h5 19. Bf2 Qg5 20. gxh5 Qc1 21. Ba4+ 1-0


[Site "https://www.chess.com"]

[Event "Titled Tuesday Blitz July 11 Late 2023"]
[White "Chen, Max"]
[Black "Rozman, Levy"]
[WhiteFideId "2622440"]
[BlackFideId "2039877"]
[WhiteElo "2570"]
[BlackElo "2756"]
[Result "1-0"]
[Round "7"]
[TimeControl "180+2"]
[Date "2023.07.11"]
[WhiteClock "0:00:14"]
[BlackClock "0:00:00"]
[Board "34"]

1. e4 c6 2. c4 d5 3. cxd5 cxd5 4. exd5 Nf6 5. Qa4+ Nbd7 6. Nc3 g6 7. Bc4 Bg7 8. d3 O-O 9. Nf3 a6 10. Qa3 Qc7 11. O-O Rb8 12. Qxe7 b5 13. d6 Qa5 14. Bb3 Bb7 15. Ng5 Rbe8 16. Bxf7+ Kh8 17. Bxe8 Rxe8 18. Qf7 b4 19. Nce4 Bd5 20. Nxf6 Nxf6 21. Qc7 Qb5 22. a4 Qxd3 23. d7 Nxd7 24. Be3 Qf5 25. Qf4 Qxf4 26. Bxf4 Bxb2 27. Rad1 Nf6 28. Rfe1 Rxe1+ 29. Rxe1 b3 30. Nf3 Ne4 31. Be5+ Bxe5 32. Nxe5 Nc3 33. Nd3 Bc4 34. Nb2 Be2 35. f3 Kg7 36. Kf2 1-0


[Site "https://www.chess.com"]

[Event "Titled Tuesday Blitz July 11 Late 2023"]
[White "FromTexas54"]
[Black "Leitao, Rafael"]
[BlackFideId "2101246"]
[WhiteElo "2567"]
[BlackElo "2752"]
[Result "0-1"]
[Round "7"]
[TimeControl "180+2"]
[Date "2023.07.11"]
[WhiteClock "0:00:21"]
[BlackClock "0:00:58"]
[Board "35"]

1. d4 Nf6 2. c4 g6 3. Nc3 Bg7 4. e4 d6 5. Nf3 O-O 6. Be2 Nbd7 7. O-O e5 8. Be3 Qe7 9. d5 c5 10. Ne1 Kh8 11. Nd3 Ng8 12. a3 Bh6 13. Bxh6 Nxh6 14. b4 b6 15. Qd2 Ng8 16. Bg4 f5 17. exf5 gxf5 18. Bh3 f4 19. Bxd7 Bxd7 20. f3 Nf6 21. bxc5 bxc5 22. Nf2 Bf5 23. Rfe1 Rg8 24. Qxf4 Qg7 25. Qg3 Qh6 26. Ng4 Bxg4 27. fxg4 Rxg4 28. Qf3 Rag8 29. Ra2 Rxc4 30. Rf2 Ng4 31. h3 Nxf2 32. Kxf2 Rf4 0-1


[Site "https://www.chess.com"]

[Event "Titled Tuesday Blitz July 11 Late 2023"]
[White "Fantastic_Power"]
[Black "Keleberda, Tymur"]
[BlackFideId "14174294"]
[WhiteElo "2742"]
[BlackElo "2554"]
[Result "1-0"]
[Round "7"]
[TimeControl "180+2"]
[Date "2023.07.11"]
[WhiteClock "0:00:10"]
[BlackClock "0:00:07"]
[Board "36"]

1. e4 c5 2. Nf3 d6 3. d4 cxd4 4. Nxd4 Nf6 5. Nc3 a6 6. h4 e5 7. Nb3 Be7 8. Bg5 Nbd7 9. Qd2 h6 10. Bxf6 Nxf6 11. O-O-O Be6 12. Kb1 Qc7 13. f4 b5 14. f5 Bd7 15. Bd3 Bc6 16. Nd5 Bxd5 17. exd5 Bd8 18. Rhg1 h5 19. Qe2 Qb6 20. Nd2 Ng4 21. Ne4 Bxh4 22. Rh1 Bd8 23. Rh3 Kd7 24. Rdh1 g6 25. Rf1 Rc8 26. Qf3 Be7 27. f6 Bd8 28. Ng5 Rf8 29. Nh7 Rh8 30. Ng5 Rf8 31. Bf5+ Kc7 32. Qc3+ Qc5 33. Qxc5+ dxc5 34. d6+ Kb7 35. Bxc8+ Kxc8 36. Nh7 Re8 37. Ng5 Bxf6 38. Nxf7 e4 39. Nh6 e3 40. Nxg4 e2 41. Re1 hxg4 42. Rhh1 Bh4 43. Rxh4 Kd7 44. Kc1 Kxd6 45. Kd2 c4 46. Rxg4 Kc5 47. Rxe2 Rd8+ 48. Kc1 Rd6 49. Rg5+ Kb4 50. c3+ Ka4 51. Rge5 Rf6 52. Re6 Rf1+ 53. Kc2 a5 54. Ra6 g5 55. b3+ cxb3+ 56. axb3+ Ka3 57. Rxa5# 1-0


[Site "https://www.chess.com"]

[Event "Titled Tuesday Blitz July 11 Late 2023"]
[White "Haydon, David L"]
[Black "Michalczak, Thomas"]
[WhiteFideId "415405"]
[BlackFideId "4622634"]
[WhiteElo "2721"]
[BlackElo "2562"]
[Result "1-0"]
[Round "7"]
[TimeControl "180+2"]
[Date "2023.07.11"]
[WhiteClock "0:02:02"]
[BlackClock "0:01:23"]
[Board "37"]

1. d4 Nf6 2. Nf3 d5 3. c4 e6 4. Nc3 Nbd7 5. Bf4 Bb4 6. Qc2 c5 7. cxd5 Nxd5 8. Bd2 N5f6 9. e3 cxd4 10. Nxd4 O-O 11. Be2 Ne5 12. O-O Bd7 13. Rad1 Rc8 14. Qb3 Qe7 15. a3 Bxc3 16. Bxc3 Nd5 17. Be1 Nb6 18. Bb4 Qf6 19. Bxf8 Ba4 20. Qb4 Bxd1 21. Be7 Nd5 22. Bxf6 Nxb4 23. Bxe5 Bxe2 24. Nxe2 Nd3 25. Bc3 1-0


[Site "https://www.chess.com"]

[Event "Titled Tuesday Blitz July 11 Late 2023"]
[White "Francisco Guecamburu, Candela Be"]
[Black "Jaferian, Koosha"]
[WhiteFideId "160911"]
[BlackFideId "12507440"]
[WhiteElo "2552"]
[BlackElo "2719"]
[Result "1-0"]
[Round "7"]
[TimeControl "180+2"]
[Date "2023.07.11"]
[WhiteClock "0:00:06"]
[BlackClock "0:00:03"]
[Board "38"]

1. e4 c6 2. d4 d5 3. e5 Bf5 4. h4 h5 5. Bg5 Qb6 6. Bd3 Bxd3 7. Qxd3 e6 8. Nd2 Ne7 9. Ngf3 Nf5 10. O-O Nd7 11. c4 Be7 12. Bxe7 Nxe7 13. a4 Qd8 14. b4 Nf5 15. g3 O-O 16. c5 g6 17. b5 b6 18. bxc6 Nb8 19. Qb5 bxc5 20. Qxc5 Qc7 21. Rfc1 Rc8 22. Nb3 Qxc6 23. Qb5 Qd7 24. Nc5 Qe7 25. Rab1 Nc6 26. Nb3 Rab8 27. Rxc6 Rf8 28. Qc5 Qd7 29. Nfd2 Rb7 30. Rc1 Rfb8 31. Rc8+ Rxc8 32. Qxc8+ Qxc8 33. Rxc8+ Kg7 34. Ra8 Rc7 35. a5 Rb7 36. Kf1 g5 37. hxg5 Kg6 38. Ke2 Kxg5 39. Kd3 Kg4 40. Nc5 Rc7 41. Rg8+ Kh3 42. Nf3 Kg2 43. Nh4+ Nxh4 44. gxh4+ Kxf2 45. Rg5 Kf3 46. Rxh5 Rc8 47. Rh7 Rf8 48. Rg7 Kf4 49. h5 Kf5 50. h6 f6 51. exf6 Kxf6 52. Nd7+ 1-0


[Site "https://www.chess.com"]

[Event "Titled Tuesday Blitz July 11 Late 2023"]
[White "Jarovinsky, Alexey"]
[Black "MFatigue"]
[WhiteFideId "14115131"]
[WhiteElo "2716"]
[BlackElo "2549"]
[Result "1-0"]
[Round "7"]
[TimeControl "180+2"]
[Date "2023.07.11"]
[WhiteClock "0:00:03"]
[BlackClock "0:00:02"]
[Board "39"]

1. Nc3 e6 2. e4 d5 3. g3 d4 4. Nce2 c5 5. Bg2 Nc6 6. d3 Nf6 7. f4 e5 8. h3 h5 9. Nf3 Bd6 10. O-O Qe7 11. fxe5 Nxe5 12. Bg5 Bd7 13. Nf4 Nxf3+ 14. Qxf3 Bc6 15. Nd5 Bxd5 16. exd5 O-O-O 17. Rae1 Qc7 18. Bxf6 gxf6 19. Qxf6 Rdf8 20. Rf5 Rhg8 21. g4 hxg4 22. hxg4 Rxg4 23. Kf1 Kb8 24. Re4 Rg3 25. Qh6 Rfg8 26. Re2 a6 27. Rf6 Be5 28. d6 Qd7 29. Rff2 Bxd6 30. Qh5 R3g7 31. Qd5 Qc6 32. Qxc6 bxc6 33. Rf6 Kc7 34. Ref2 Be5 35. Rxf7+ Rxf7 36. Rxf7+ Kd6 37. Ra7 Rf8+ 38. Ke2 Bg3 39. Bf3 Re8+ 40. Be4 Rf8 41. Rxa6 Rf2+ 42. Kd1 Bf4 43. Rxc6+ Kd7 44. Rf6 Rd2+ 45. Ke1 Be3 46. Rf5 Rxc2 47. a4 Rxb2 48. Rxc5 Ra2 49. a5 Kd6 50. Rd5+ Ke6 51. Rh5 Bd2+ 52. Ke2 Rxa5 53. Rh4 Be3 54. Kf3 Ra2 55. Rh5 Rf2+ 56. Kg3 Rd2 57. Rb5 Rf2 58. Rb6+ Ke5 59. Rb5+ Kd6 60. Ra5 Kd7 61. Kg4 Kd6 62. Kh5 Kd7 63. Kg6 Kd6 64. Rd5+ Ke6 65. Rb5 Kd6 66. Ra5 Kd7 67. Ra6 Kc7 68. Bf5 Kb7 69. Re6 Kc7 70. Kf6 Rxf5+ 71. Kxf5 Kd7 72. Rg6 Ke7 73. Ke5 Kf7 74. Ra6 Ke7 75. Ra7+ Kd8 76. Kd6 Bf4+ 77. Ke6 Be3 78. Rf7 Ke8 79. Rh7 Kd8 80. Rh5 Kc7 81. Rd5 Kc6 82. Rd8 Kc5 83. Ke5 Kc6 84. Rd6+ Kc5 85. Rd5+ Kc6 86. Ke4 Bf2 87. Ke5 Be3 88. Ke6 Bf2 89. Rd7 Be3 90. Ke7 Kc5 91. Ke6 Kb4 92. Rc7 Bd2 93. Rc4+ Kb3 94. Kd5 Bc3 95. Ke4 Bb2 96. Rxd4 Bxd4 97. Kxd4 Kb4 1-0


[Site "https://www.chess.com"]

[Event "Titled Tuesday Blitz July 11 Late 2023"]
[White "Ismagilov, Damir"]
[Black "Jaracz, Pawel"]
[WhiteFideId "34199982"]
[BlackFideId "1102222"]
[WhiteElo "2550"]
[BlackElo "2715"]
[Result "0-1"]
[Round "7"]
[TimeControl "180+2"]
[Date "2023.07.11"]
[WhiteClock "0:00:00"]
[BlackClock "0:01:00"]
[Board "40"]

1. d4 d5 2. Bf4 c5 3. e3 Nc6 4. c3 Qb6 5. Qb3 c4 6. Qc2 g6 7. e4 dxe4 8. Nd2 Nf6 9. Bxc4 Na5 10. Ne2 Bg7 11. O-O Bf5 12. Be3 Rc8 13. d5 Qc7 14. Bf4 Qd7 15. Bb3 e3 16. Qd1 exd2 17. Nd4 Nxb3 18. axb3 Nxd5 19. Qxd2 Nxf4 20. Qxf4 Bxd4 21. cxd4 a6 22. h4 Qd6 23. Qg5 Qf6 24. Qf4 Be6 25. Qe3 O-O 26. h5 Rfd8 27. Rad1 Rd5 28. hxg6 hxg6 29. Rd2 Kg7 30. f3 Rh8 31. Kf2 Qh4+ 32. Ke2 Qg3 33. Rf2 Bd7 34. Qe4 Rd6 35. Kd1 Rh5 36. Qxe7 Rh1+ 37. Kc2 Rc6+ 38. Kd3 Bf5+ 39. Ke3 Re6+ 40. Qxe6 Bxe6 41. d5 Qe5+ 42. Kd3 Bf5+ 43. Kc4 Rc1+ 44. Kb4 Qd6+ 0-1


[Site "https://www.chess.com"]

[Event "Titled Tuesday Blitz July 11 Late 2023"]
[White "Rastbod, Ali"]
[Black "Yelisieiev, Yevhenii"]
[WhiteFideId "12567477"]
[BlackFideId "14139642"]
[WhiteElo "2694"]
[BlackElo "2542"]
[Result "0-1"]
[Round "7"]
[TimeControl "180+2"]
[Date "2023.07.11"]
[WhiteClock "0:00:04"]
[BlackClock "0:01:29"]
[Board "41"]

1. Nf3 d6 2. e4 Nf6 3. Nc3 e5 4. d4 Nbd7 5. Bc4 Be7 6. O-O O-O 7. Re1 c6 8. a4 a5 9. h3 Nb6 10. Bf1 exd4 11. Nxd4 d5 12. e5 Ne8 13. Qh5 g6 14. Qh6 Ng7 15. Bf4 c5 16. Ndb5 Nf5 17. Rad1 Nxh6 18. Bxh6 Be6 19. Bxf8 Bxf8 20. g3 Bg7 21. f4 g5 22. Bg2 gxf4 23. gxf4 Qh4 24. Rf1 Bxh3 25. Bxh3 Qxh3 26. Rd3 Qf5 27. Nd6 Qd7 28. Rg3 Kh8 29. Rf2 Bf8 30. Ndb5 Bh6 31. Nd6 Rg8 32. Kh2 Rxg3 33. Kxg3 Bf8 34. Ncb5 Nxa4 35. f5 f6 36. e6 Bxd6+ 37. Kg4 Qxb5 0-1


[Site "https://www.chess.com"]

[Event "Titled Tuesday Blitz July 11 Late 2023"]
[White "Hajiyev, Kanan"]
[Black "2KRK1"]
[WhiteFideId "13404148"]
[WhiteElo "2537"]
[BlackElo "2687"]
[Result "1-0"]
[Round "7"]
[TimeControl "180+2"]
[Date "2023.07.11"]
[WhiteClock "0:00:18"]
[BlackClock "0:00:00"]
[Board "42"]

1. d4 d6 2. Nf3 Nf6 3. g3 g6 4. Bg2 Bg7 5. O-O O-O 6. b3 b6 7. Bb2 Bb7 8. c4 e6 9. Nc3 Ne4 10. Qc2 Nxc3 11. Bxc3 Nd7 12. Rfd1 Qe7 13. Rac1 a5 14. a4 Nf6 15. Ne1 Bxg2 16. Nxg2 c5 17. dxc5 dxc5 18. Nf4 Rfd8 19. Qb2 Ne8 20. h4 h5 21. Be5 Rxd1+ 22. Rxd1 Rd8 23. Rd3 Rxd3 24. Nxd3 Qd8 25. Kg2 Qa8+ 26. f3 Qd8 27. Kf2 Bxe5 28. Qxe5 Ng7 29. Nf4 Nf5 30. Nd3 Qd4+ 31. Qxd4 Nxd4 32. Nc1 Kf8 33. e3 Nc6 34. Nd3 Ke7 35. g4 e5 36. gxh5 gxh5 37. f4 1-0


[Site "https://www.chess.com"]

[Event "Titled Tuesday Blitz July 11 Late 2023"]
[White "Goryachkina, Aleksandra"]
[Black "Chor, Kevin"]
[WhiteFideId "4147103"]
[BlackFideId "2090740"]
[WhiteElo "2683"]
[BlackElo "2538"]
[Result "0-1"]
[Round "7"]
[TimeControl "180+2"]
[Date "2023.07.11"]
[WhiteClock "0:00:00"]
[BlackClock "0:00:05"]
[Board "43"]

1. e4 c5 2. Nf3 g6 3. g3 Bg7 4. Bg2 Nc6 5. O-O Nf6 6. d3 O-O 7. Nbd2 Rb8 8. a4 d6 9. Re1 a6 10. Nc4 Bg4 11. Ne3 Bxf3 12. Bxf3 Nd7 13. Bg2 e6 14. Nc4 Qe7 15. a5 Nde5 16. Nxe5 Bxe5 17. c3 Qc7 18. Qa4 Rbd8 19. Be3 Bg7 20. d4 cxd4 21. cxd4 e5 22. dxe5 dxe5 23. Bb6 Qe7 24. Bxd8 Rxd8 25. Rac1 Bh6 26. Rc4 Rd2 27. Rc2 Rd4 28. Qa2 Qb4 29. Rf1 Qd6 30. h4 Kg7 31. Qa1 Nb4 32. Re2 Qe6 33. Qa3 Nc6 34. Rc2 Bd2 35. Kh2 Bb4 36. Qf3 Rd7 37. Bh3 Nd4 38. Qg2 Qd6 39. Rc4 Re7 40. Rd1 Bxa5 41. f4 Bb6 42. f5 Qf6 0-1


[Site "https://www.chess.com"]

[Event "Titled Tuesday Blitz July 11 Late 2023"]
[White "Shuvalova, Polina"]
[Black "ArchibaldCerveza29"]
[WhiteFideId "24171760"]
[WhiteElo "2669"]
[BlackElo "2532"]
[Result "1-0"]
[Round "7"]
[TimeControl "180+2"]
[Date "2023.07.11"]
[WhiteClock "0:00:08"]
[BlackClock "0:00:00"]
[Board "44"]

1. e4 e5 2. Nf3 Nc6 3. Nc3 Nf6 4. Bb5 Nd4 5. Bc4 c6 6. d3 d6 7. Nxd4 exd4 8. Ne2 d5 9. exd5 Nxd5 10. Nxd4 Bc5 11. Qe2+ Kd7 12. O-O Bxd4 13. Qg4+ Kc7 14. Qxd4 Be6 15. Qxg7 Rg8 16. Qe5+ Kc8 17. Bf4 Nxf4 18. Qxf4 Bh3 19. g3 Bxf1 20. Rxf1 Qd7 21. Re1 Re8 22. Rxe8+ Qxe8 23. Bxf7 Qe7 24. Be6+ Kd8 25. Qe5 a5 26. a4 Ra6 27. Qh8+ Qe8 28. Qd4+ Kc7 29. Bg4 c5 30. Qxc5+ Kb8 31. Bf3 Qxa4 32. Kg2 Qb4 33. Qe5+ Ka7 34. b3 Rd6 35. h4 Qb6 36. h5 Re6 37. Qf5 h6 38. Qd5 Rf6 39. Qe5 Re6 40. Qd5 Re1 41. d4 Rc1 42. Be4 Rd1 43. Bd3 Rd2 44. Qe4 Qf6 45. Qe3 Rd1 46. d5+ Kb8 47. Qe8+ Ka7 48. Qe3+ Kb8 49. Be4 Qd6 50. Bf3 Ra1 51. Qe8+ Ka7 52. Qe3+ Kb8 53. c4 Qf6 54. c5 Ka7 55. c6+ Kb8 56. Qe8+ Ka7 57. Qd7 1-0


[Site "https://www.chess.com"]

[Event "Titled Tuesday Blitz July 11 Late 2023"]
[White "Fantinel, Thibault"]
[Black "Trifan, Andrei Ioan"]
[WhiteFideId "663395"]
[BlackFideId "12967068"]
[WhiteElo "2653"]
[BlackElo "2521"]
[Result "0-1"]
[Round "7"]
[TimeControl "180+2"]
[Date "2023.07.11"]
[WhiteClock "0:00:00"]
[BlackClock "0:00:45"]
[Board "45"]

1. d4 Nf6 2. Nf3 g6 3. Nc3 d5 4. Bf4 a6 5. e3 Bg7 6. h3 O-O 7. Bd3 c5 8. dxc5 Qa5 9. Nd4 Qxc5 10. Nb3 Qb6 11. a4 Nc6 12. a5 Qd8 13. O-O e5 14. Bh2 Re8 15. Qd2 Bh6 16. Na4 d4 17. Nb6 dxe3 18. Qe2 Rb8 19. fxe3 Be6 20. Bc4 Nd5 21. Bxd5 Bxd5 22. Rad1 Nd4 23. exd4 exd4 24. Qxe8+ Qxe8 25. Nxd5 Bg7 26. Bxb8 Qxb8 27. Nxd4 Qd8 28. c4 Qxa5 29. Nf3 Qc5+ 30. Kh1 Qxc4 31. Ng5 f5 32. Ne6 Bxb2 33. Rf3 a5 34. Rfd3 a4 35. Ng5 a3 36. Nb6 Qa6 37. Rd8+ Kg7 38. R8d7+ Kf6 39. R1d6+ Kxg5 0-1


[Site "https://www.chess.com"]

[Event "Titled Tuesday Blitz July 11 Late 2023"]
[White "Omelja, Artem"]
[Black "Forgacs, Attila Jr."]
[WhiteFideId "14119846"]
[BlackFideId "773654"]
[WhiteElo "2652"]
[BlackElo "2521"]
[Result "1-0"]
[Round "7"]
[TimeControl "180+2"]
[Date "2023.07.11"]
[WhiteClock "0:00:03"]
[BlackClock "0:00:00"]
[Board "46"]

1. d4 Nf6 2. c4 g6 3. Nc3 Bg7 4. e4 O-O 5. f3 d6 6. Nge2 c5 7. Be3 Nc6 8. Qd2 cxd4 9. Nxd4 Bd7 10. Be2 Rc8 11. O-O Nxd4 12. Bxd4 Bc6 13. b3 a6 14. Rac1 Nd7 15. Be3 Ne5 16. Rfd1 Qa5 17. Nd5 Qd8 18. Bb6 Qd7 19. f4 Bxd5 20. exd5 Ng4 21. Re1 Nf6 22. Bd3 Rfe8 23. Re2 e5 24. dxe6 fxe6 25. Rd1 d5 26. Bb1 Qc6 27. c5 Re7 28. Rc1 Nd7 29. Ba5 Kf7 30. Bc3 Bxc3 31. Rxc3 Nf6 32. b4 a5 33. a3 axb4 34. axb4 Ra8 35. Rh3 Ra1 36. Re1 Kg7 37. Bd3 b6 38. Rxa1 bxc5 39. bxc5 Qxc5+ 40. Qf2 Qc3 41. Re1 Rc7 42. Bxg6 1-0


[Site "https://www.chess.com"]